[Event "Titled Tuesday Blitz August 1 Early 2023"]
[White "Gauravthegm"]
[Black "Demin, Vladimir"]
[BlackFideId "4167457"]
[WhiteElo "2413"]
[BlackElo "2553"]
[Result "0-1"]
[Round "8"]
[TimeControl "180+1"]
[Date "2023.08.01"]
[WhiteClock "0:00:00"]
[BlackClock "0:01:38"]
[Board "125"]

1. e4 e5 2. Nf3 Nc6 3. Bc4 Bc5 4. c3 Nf6 5. d3 a6 6. h3 Ba7 7. O-O d6 8. Nbd2 O-O 9. Re1 Re8 10. Nf1 Be6 11. Bxe6 Rxe6 12. Ng3 d5 13. exd5 Nxd5 14. d4 exd4 15. Rxe6 fxe6 16. cxd4 h6 17. Qe2 Qf6 18. Ne4 Qf7 19. Nc5 Nxd4 20. Nxd4 Bxc5 21. Nb3 Bd6 22. Bd2 Re8 23. Re1 e5 24. Na5 b5 25. Nc6 e4 26. Qg4 Nf6 27. Qf5 Qxa2 28. Bxh6 Qd5 29. Qg6 Bf8 30. Rc1 Re6 31. Nb4 Qh5 32. Qxh5 Nxh5 33. Bd2 c5 0-1


[Site "https://www.chess.com"]

[Event "Titled Tuesday Blitz August 1 Early 2023"]
[White "FuenfgegenWilly"]
[Black "To, Nhat Minh"]
[BlackFideId "729019"]
[WhiteElo "2411"]
[BlackElo "2541"]
[Result "0-1"]
[Round "8"]
[TimeControl "180+1"]
[Date "2023.08.01"]
[WhiteClock "0:00:03"]
[BlackClock "0:00:06"]
[Board "126"]

1. e4 c6 2. Nc3 d5 3. d4 dxe4 4. Nxe4 Nd7 5. Qe2 e6 6. Nf3 Ngf6 7. c3 Be7 8. g3 b6 9. Bg2 Bb7 10. O-O O-O 11. Nxf6+ Nxf6 12. Ne5 Qc7 13. Bf4 Bd6 14. Rad1 Rfd8 15. Rfe1 c5 16. dxc5 bxc5 17. Bxb7 Qxb7 18. Nd3 Bxf4 19. Nxf4 h6 20. b3 a5 21. Qc4 Qc6 22. Nd3 Rac8 23. Ne5 Rxd1 24. Rxd1 Qe4 25. Qxe4 Nxe4 26. Rd7 Nxc3 27. Rxf7 Nxa2 28. Ra7 Nc1 29. Rb7 Rd8 30. Nc4 Rd1+ 31. Kg2 Nd3 32. Kf3 Rb1 33. Ke3 Nb4 34. Nxa5 Rb2 35. Rb5 Nc2+ 36. Ke4 Na3 37. Rxc5 Rxf2 38. h4 Kf7 39. Nc6 Kf6 40. b4 Rb2 41. Kf4 Nc2 42. b5 Na3 43. Nd4 Rb4 44. Ke3 Nc4+ 45. Kd3 Nb6 46. Rc6 Nd5 47. Rxe6+ Kf7 48. Rd6 Ne7 49. Rd7 Ke8 50. Rb7 Rb1 51. Ke4 Re1+ 52. Kf4 Nd5+ 53. Kg4 Re4+ 54. Kh5 Rxd4 55. Rxg7 Kf8 56. Rg6 Kf7 57. Rxh6 Nf6+ 58. Kg5 Rd5+ 59. Kf4 Rxb5 60. Rh8 Kg7 61. Ra8 Rb4+ 62. Kf3 Rb3+ 63. Kf4 Rb4+ 64. Kf3 Nd5 65. Kg2 Ne3+ 66. Kh3 Nf5 67. Ra5 Kf6 68. g4 Rb3+ 69. Kg2 Nxh4+ 70. Kf2 Kg6 71. Rh5 Nf3 72. Kg3 Ng5+ 73. Kg2 Ne6 74. Re5 Nf4+ 75. Kh2 Nd3 76. Rd5 Nf2 77. g5 Ng4+ 78. Kg1 Ne3 79. Kh2 Nxd5 80. Kg2 Kxg5 81. Kf2 Kf4 82. Ke2 Re3+ 83. Kd2 Ke4 84. Kc2 Kd4 0-1


[Site "https://www.chess.com"]

[Event "Titled Tuesday Blitz August 1 Early 2023"]
[White "Silva Lucena, Cristian"]
[Black "Nurgaliyeva, Zarina"]
[WhiteFideId "2232588"]
[BlackFideId "13730096"]
[WhiteElo "2405"]
[BlackElo "2536"]
[Result "0-1"]
[Round "8"]
[TimeControl "180+1"]
[Date "2023.08.01"]
[WhiteClock "0:02:06"]
[BlackClock "0:01:36"]
[Board "127"]

1. c4 e5 2. Nc3 Bb4 3. Nd5 Bc5 4. e3 Ne7 5. Nc3 d6 6. a3 a5 7. Nf3 O-O 8. d4 exd4 9. exd4 Bb6 10. Be2 Bg4 11. h3 Bxf3 12. Bxf3 Nbc6 13. Nb5 Nf5 14. d5 Re8+ 15. Kf1 Ncd4 16. Nxd4 Nxd4 17. b3 a4 18. b4 Nb3 19. Rb1 Qh4 20. Qc2 Nd4 21. Qd3 Nxf3 22. Qxf3 Qxc4+ 23. Kg1 Qc2 24. Ra1 Bd4 0-1


[Site "https://www.chess.com"]

[Event "Titled Tuesday Blitz August 1 Early 2023"]
[White "Ganiev, Roman"]
[Black "Castella Garcia, Fausto"]
[WhiteFideId "4131452"]
[BlackFideId "3501922"]
[WhiteElo "2535"]
[BlackElo "2404"]
[Result "0-1"]
[Round "8"]
[TimeControl "180+1"]
[Date "2023.08.01"]
[WhiteClock "0:00:04"]
[BlackClock "0:00:20"]
[Board "128"]

1. e4 c5 2. Nf3 d6 3. d4 cxd4 4. Nxd4 Nf6 5. Nc3 g6 6. Be2 Bg7 7. Be3 O-O 8. f3 Nc6 9. Nb3 a5 10. a4 Be6 11. h4 d5 12. exd5 Nxd5 13. Nxd5 Qxd5 14. Qxd5 Bxd5 15. Rd1 Nb4 16. Rd2 Nxc2+ 17. Rxc2 Bxb3 18. Rc7 Bxb2 19. Rxb7 Bc3+ 20. Kf2 Bxa4 21. Rxe7 Bf6 22. Rc7 Rfc8 23. Rb7 Bc6 24. Rb6 a4 25. Rc1 a3 26. Ra6 Rxa6 27. Bxa6 Ra8 28. Bc4 Be8 29. Ba2 Bxh4+ 30. g3 Bf6 31. Bc5 Bb2 32. Re1 Bd7 33. Re7 Be6 34. Rxe6 fxe6 35. Bxe6+ Kg7 36. Ba2 Rc8 37. Bb4 Rc2+ 0-1


[Site "https://www.chess.com"]

[Event "Titled Tuesday Blitz August 1 Early 2023"]
[White "NovozhilovSemen"]
[Black "Dishman, Stephen"]
[BlackFideId "403024"]
[WhiteElo "2527"]
[BlackElo "2401"]
[Result "0-1"]
[Round "8"]
[TimeControl "180+1"]
[Date "2023.08.01"]
[WhiteClock "0:00:32"]
[BlackClock "0:00:04"]
[Board "129"]

1. d4 d5 2. c4 c6 3. cxd5 cxd5 4. Bg5 f6 5. Bh4 Nc6 6. f3 Qb6 7. Nc3 e5 8. dxe5 d4 9. Ne4 Bb4+ 10. Kf2 Nxe5 11. Rc1 Bd7 12. h3 Nh6 13. f4 Ng6 14. Bg3 Nf5 15. Qd3 Bb5 16. Nxf6+ gxf6 17. Qxf5 Bd2 18. Rc2 d3+ 19. Rc5 Rc8 20. Qxc8+ Ke7 21. Qc7+ Qxc7 22. Rxc7+ Ke6 23. Rxb7 Bc6 24. Rxa7 Bb4 25. Ra6 d2 26. f5+ Kd5 27. e4+ Kxe4 28. Be2 Bc5+ 29. Kf1 Bb5 30. Re6+ Kxf5 31. Rd6 Bxd6 32. Bxd6 d1=Q+ 0-1


[Site "https://www.chess.com"]

[Event "Titled Tuesday Blitz August 1 Early 2023"]
[White "Aggelis, Nikolaos"]
[Black "Ladan, Nicholas"]
[WhiteFideId "4213220"]
[BlackFideId "30918855"]
[WhiteElo "2523"]
[BlackElo "2400"]
[Result "0-1"]
[Round "8"]
[TimeControl "180+1"]
[Date "2023.08.01"]
[WhiteClock "0:00:10"]
[BlackClock "0:00:06"]
[Board "130"]

1. c4 e5 2. Nc3 Nc6 3. g3 Bc5 4. Bg2 d6 5. e3 a6 6. Nge2 Ba7 7. O-O Nge7 8. Rb1 O-O 9. b4 Be6 10. d3 Qd7 11. a4 Rae8 12. b5 axb5 13. axb5 Nd8 14. Kh1 f5 15. f4 Nf7 16. Qa4 Bb6 17. Qc2 Nd8 18. Na4 Ba7 19. c5 dxc5 20. Nxc5 Bxc5 21. Qxc5 exf4 22. Nxf4 b6 23. Qc2 Bf7 24. Bb2 Nd5 25. Nxd5 Bxd5 26. e4 fxe4 27. dxe4 Be6 28. Ba3 Rxf1+ 29. Rxf1 Nf7 30. Qc3 Nd6 31. Qd4 Nxb5 32. Qxd7 Bxd7 33. Bb2 Bc6 34. Re1 Nd6 35. e5 Bxg2+ 36. Kxg2 Nc4 37. Ba1 Kf7 38. Kf3 Ke6 39. Ke4 Ra8 40. Rc1 Nd2+ 41. Kd3 Nb3 42. Rxc7 Rxa1 43. Rxg7 Nc5+ 44. Kc4 h5 45. Rg5 Rc1+ 46. Kb5 Rb1+ 47. Kc4 Nd7 48. Rxh5 Nxe5+ 49. Kd4 Rd1+ 50. Kc3 b5 51. g4 Rc1+ 52. Kb4 Rb1+ 53. Kc3 Kd5 54. g5 b4+ 55. Kc2 Rg1 56. h4 Kc4 57. Rh8 Nc6 58. Rc8 Rg2+ 59. Kc1 Kb5 60. Kb1 Nd4 61. Re8 b3 62. g6 Rxg6 63. Re5+ Kc4 64. h5 Rg1+ 65. Kb2 Rg2+ 66. Kb1 Rh2 67. Rg5 Nb5 68. Rg4+ Kc3 69. Rg3+ Kb4 70. Rg5 Nc3+ 71. Kc1 b2# 0-1


[Site "https://www.chess.com"]

[Event "Titled Tuesday Blitz August 1 Early 2023"]
[White "Eynullayev, Altay"]
[Black "Spichkin, Alexander"]
[WhiteFideId "13413562"]
[BlackFideId "4144074"]
[WhiteElo "2522"]
[BlackElo "2390"]
[Result "1-0"]
[Round "8"]
[TimeControl "180+1"]
[Date "2023.08.01"]
[WhiteClock "0:00:34"]
[BlackClock "0:00:20"]
[Board "131"]

1. e4 e5 2. Nf3 d5 3. Nxe5 Bd6 4. d4 dxe4 5. Bc4 Bxe5 6. Qh5 Qe7 7. dxe5 Nc6 8. Bf4 Be6 9. Bxe6 Qxe6 10. Nc3 O-O-O 11. O-O f5 12. exf6 Nxf6 13. Qc5 Nd5 14. Nxd5 Rxd5 15. Qc3 Rf8 16. Bg3 g5 17. Rfe1 h5 18. Qg7 Rf7 19. Qh8+ Rd8 20. Qxh5 Qf5 21. Rxe4 Nd4 22. Qg4 Qxg4 23. Rxg4 Nxc2 24. Rc1 Nb4 25. Rxb4 Rd5 26. Rbc4 c6 27. h3 Rf6 28. Rc5 Rd2 29. R1c2 Rd1+ 30. Kh2 Rg6 31. Re2 g4 32. h4 b6 33. Rg5 Rh6 34. Rg7 Rd7 35. Re8+ 1-0


[Site "https://www.chess.com"]

[Event "Titled Tuesday Blitz August 1 Early 2023"]
[White "Mikhalsky, Vladimir"]
[Black "Ordekalog"]
[WhiteFideId "14144352"]
[WhiteElo "2390"]
[BlackElo "2519"]
[Result "0-1"]
[Round "8"]
[TimeControl "180+1"]
[Date "2023.08.01"]
[WhiteClock "0:00:00"]
[BlackClock "0:00:08"]
[Board "132"]

1. d4 d5 2. c4 e6 3. Nf3 c5 4. cxd5 exd5 5. g3 Nc6 6. Bg2 Nf6 7. O-O Be7 8. Nc3 O-O 9. dxc5 Bxc5 10. b3 a6 11. Bb2 Ba7 12. Rc1 Re8 13. e3 Bg4 14. h3 Be6 15. Na4 Ne4 16. Nd4 Bd7 17. Nxc6 bxc6 18. Ba3 Qg5 19. Nc5 Bxc5 20. Bxc5 Qh6 21. h4 Nxc5 22. Rxc5 Rxe3 23. Rxd5 cxd5 24. fxe3 Qxe3+ 25. Kh2 Be6 26. Re1 Qc5 27. Re5 Rd8 28. Qe2 Qd6 29. Rg5 h6 30. Rh5 d4 31. Qd3 Qc7 32. Qd2 d3 33. Ra5 Qc2 34. Qxc2 dxc2 35. Rc5 Bf5 36. g4 Rd1 37. gxf5 c1=Q 38. Rxc1 Rxc1 39. Kg3 a5 40. Bd5 Rc5 41. Bc4 Rxf5 42. Kg4 Rf2 43. a3 Kf8 44. Kg3 Rb2 45. a4 Ke7 46. Kf4 Kf6 47. Kg4 Rg2+ 48. Kf3 Rh2 49. Kg3 Rh1 50. Kg4 Rg1+ 51. Kf4 Rd1 52. Kg4 Rd4+ 53. Kg3 g5 54. hxg5+ hxg5 55. Kf3 Kg6 56. Kg3 f5 57. Ba6 Kf6 58. Kf3 Ke5 59. Bc8 Rb4 60. Ba6 Rxb3+ 61. Ke2 Rb4 62. Kd2 Rxa4 63. Kc3 Rb4 64. Kd3 g4 65. Bc8 Rb6 66. Ke2 Rc6 67. Bb7 Rc3 68. Kf2 Ra3 69. Bc6 f4 70. Kg2 Rc3 71. Bb7 Rc2+ 0-1


[Site "https://www.chess.com"]

[Event "Titled Tuesday Blitz August 1 Early 2023"]
[White "Malka, Samuel"]
[Black "Bueno, Alfeu Junior Varela"]
[WhiteFideId "20643675"]
[BlackFideId "2108879"]
[WhiteElo "2506"]
[BlackElo "2396"]
[Result "1-0"]
[Round "8"]
[TimeControl "180+1"]
[Date "2023.08.01"]
[WhiteClock "0:00:15"]
[BlackClock "0:00:00"]
[Board "133"]

1. d4 e6 2. c4 f5 3. g3 Nf6 4. Bg2 Be7 5. Nf3 O-O 6. O-O d6 7. b3 Nc6 8. Bb2 Ne4 9. Nbd2 Bf6 10. Qc2 Nxd2 11. Qxd2 e5 12. d5 Ne7 13. c5 e4 14. Bxf6 Rxf6 15. cxd6 Rxd6 16. Ne5 Rxd5 17. Qc3 Qd6 18. Nc4 Qc5 19. b4 Qc6 20. Rac1 Ng6 21. f3 Qe6 22. fxe4 fxe4 23. Ne3 Rd7 24. Qc2 Re7 25. Nf5 Re8 26. Qxc7 Bd7 27. Qd6 Bc6 28. Qxe6+ Rxe6 29. Nd4 Rd6 30. Nxc6 bxc6 31. Bxe4 Re8 32. Rxc6 Rd2 33. Rc2 Rxc2 34. Bxc2 Ne5 35. Bb3+ Kh8 36. Rc1 1-0


[Site "https://www.chess.com"]

[Event "Titled Tuesday Blitz August 1 Early 2023"]
[White "Rodchenkov, Sergey D."]
[Black "Gombocz, Ferenc Jr."]
[WhiteFideId "4168712"]
[BlackFideId "775029"]
[WhiteElo "2501"]
[BlackElo "2389"]
[Result "0-1"]
[Round "8"]
[TimeControl "180+1"]
[Date "2023.08.01"]
[WhiteClock "0:00:01"]
[BlackClock "0:00:10"]
[Board "134"]

1. e4 e5 2. Nf3 Nc6 3. Bc4 Nf6 4. Ng5 d5 5. exd5 Na5 6. Bb5+ c6 7. dxc6 bxc6 8. Bd3 Nd5 9. Ne4 f5 10. Ng3 g6 11. Be2 Nf4 12. O-O Bg7 13. d4 Nxe2+ 14. Qxe2 e4 15. c3 O-O 16. f3 Qc7 17. fxe4 f4 18. Nh1 c5 19. d5 c4 20. Nf2 Nb7 21. Nd2 Nd6 22. e5 Nf5 23. d6 Qc6 24. Nf3 Re8 25. Bxf4 Nxd6 26. Nd4 Qd5 27. Ng4 Bxg4 28. Qxg4 Bxe5 29. Rad1 Qe4 30. Qf3 Bxf4 31. Qxf4 Qxf4 32. Rxf4 Ne4 33. Rf3 Rab8 34. b3 cxb3 35. axb3 Rec8 36. c4 Rd8 37. Rfd3 Nc5 38. Nc6 Rxd3 39. Rxd3 Rb6 40. Rd8+ Kf7 41. Ne5+ Ke6 42. Re8+ Kf5 43. b4 Rxb4 44. Kf2 Rb2+ 45. Kg3 Ne4+ 46. Kh3 Ng5+ 47. Kg3 Rb3+ 48. Kf2 Ne4+ 49. Ke2 Rb2+ 50. Kd3 Rxg2 51. Nf3 Nc5+ 52. Kd4 Ne6+ 53. Kd5 Nc7+ 54. Kc6 Nxe8 0-1


[Site "https://www.chess.com"]

[Event "Titled Tuesday Blitz August 1 Early 2023"]
[White "Buscar, Michael"]
[Black "Papayan, Oleg"]
[WhiteFideId "2603616"]
[BlackFideId "4193911"]
[WhiteElo "2386"]
[BlackElo "2491"]
[Result "0-1"]
[Round "8"]
[TimeControl "180+1"]
[Date "2023.08.01"]
[WhiteClock "0:00:09"]
[BlackClock "0:00:09"]
[Board "135"]

1. d4 Nf6 2. c4 e6 3. Nc3 Bb4 4. e3 O-O 5. Bd3 d5 6. Nf3 c5 7. O-O dxc4 8. Bxc4 Bxc3 9. bxc3 Qc7 10. Qe2 b6 11. Bb2 Bb7 12. Rac1 Nbd7 13. Rfd1 Rac8 14. Bd3 c4 15. Bb1 Be4 16. Ba3 Rfe8 17. Ng5 Bxb1 18. Rxb1 h6 19. Nf3 Ne4 20. Qc2 f5 21. Nd2 Ndf6 22. f3 Nxd2 23. Rxd2 Qc6 24. Rb4 a5 25. Rb1 b5 26. Re1 Rb8 27. Bb2 b4 28. e4 b3 29. axb3 Rxb3 30. exf5 exf5 31. Rxe8+ Qxe8 32. Re2 Qb5 33. Bc1 Rb1 34. Re5 Qb3 35. Qd2 a4 36. Rxf5 Qa3 37. Ra5 Rxc1+ 38. Kf2 Qa1 39. Ra8+ Kh7 40. Qf4 Qb1 41. Ra7 Qc2+ 42. Kg3 Nh5+ 43. Kg4 Nxf4 0-1


[Site "https://www.chess.com"]

[Event "Titled Tuesday Blitz August 1 Early 2023"]
[White "Tokman, Ariel"]
[Black "Gu, Xiaobing"]
[WhiteFideId "117420"]
[BlackFideId "8602611"]
[WhiteElo "2490"]
[BlackElo "2385"]
[Result "1-0"]
[Round "8"]
[TimeControl "180+1"]
[Date "2023.08.01"]
[WhiteClock "0:00:08"]
[BlackClock "0:00:00"]
[Board "136"]

1. d4 Nf6 2. c3 g6 3. Nf3 Bg7 4. Bg5 Ne4 5. Bf4 d5 6. Nbd2 c5 7. e3 Nc6 8. Nxe4 dxe4 9. Nd2 f5 10. Nc4 cxd4 11. cxd4 Be6 12. Be2 Rc8 13. Rc1 O-O 14. O-O Nb4 15. Qa4 Nd5 16. Be5 a6 17. Bxg7 Kxg7 18. Ne5 f4 19. Qa3 Qb6 20. Bc4 Qd6 21. Bxd5 Qxa3 22. bxa3 Bxd5 23. exf4 Rxc1 24. Rxc1 Rxf4 25. Rc7 Kf8 26. Rd7 Be6 27. Rxb7 g5 28. Rb6 Bxa2 29. Rxa6 Rf6 30. Rxf6+ exf6 31. Nd7+ Ke7 32. Nc5 f5 33. g4 fxg4 34. Nxe4 h6 35. Nc3 Bc4 36. Kg2 Kd6 37. Kg3 Kc6 38. Kxg4 Be6+ 39. Kh5 1-0


[Site "https://www.chess.com"]

[Event "Titled Tuesday Blitz August 1 Early 2023"]
[White "Eggleston, Thomas A"]
[Black "Gutkin, Ilya"]
[WhiteFideId "412139"]
[BlackFideId "16203470"]
[WhiteElo "2380"]
[BlackElo "2490"]
[Result "1-0"]
[Round "8"]
[TimeControl "180+1"]
[Date "2023.08.01"]
[WhiteClock "0:00:05"]
[BlackClock "0:00:00"]
[Board "137"]

1. e4 e5 2. Nf3 Nc6 3. d4 exd4 4. Nxd4 Nf6 5. Nc3 Bb4 6. Nxc6 bxc6 7. Bd3 d5 8. exd5 O-O 9. O-O cxd5 10. h3 h6 11. Qf3 Bb7 12. Bf4 Bd6 13. Ne2 Rb8 14. Bxd6 Qxd6 15. Nd4 c5 16. Nf5 Qb6 17. Qg3 Ne8 18. Rfe1 Bc8 19. Rxe8 Bxf5 20. Rxf8+ Kxf8 21. Bxf5 Qxb2 22. Re1 g6 23. Bg4 Kg7 24. Qe5+ Qxe5 25. Rxe5 Rb1+ 26. Kh2 Rb2 27. Rxd5 Rxc2 28. a4 c4 29. Rc5 c3 30. a5 h5 31. Bf3 Ra2 32. Rxc3 Rxa5 33. h4 Ra2 34. Kg3 Ra5 35. Rc7 Kf6 36. Be2 Ra3+ 37. f3 a5 38. Bc4 Rc3 39. Rxf7+ Ke5 40. Rf4 a4 41. Re4+ Kd6 42. Kf4 a3 43. Bg8 Rc2 44. Ra4 Rxg2 45. Rxa3 Ke7 46. Ra7+ Kf6 47. Bd5 1-0


[Site "https://www.chess.com"]

[Event "Titled Tuesday Blitz August 1 Early 2023"]
[White "Kaplan, Avi Harrison"]
[Black "Llanos, Guillermo"]
[WhiteFideId "30934559"]
[BlackFideId "100358"]
[WhiteElo "2490"]
[BlackElo "2383"]
[Result "1/2-1/2"]
[Round "8"]
[TimeControl "180+1"]
[Date "2023.08.01"]
[WhiteClock "0:00:10"]
[BlackClock "0:00:08"]
[Board "138"]

1. b3 b6 2. Bb2 Bb7 3. Nf3 Nf6 4. g3 g6 5. Bg2 Bg7 6. O-O O-O 7. c4 c5 8. d4 cxd4 9. Qxd4 Nc6 10. Qc3 Rc8 11. Rd1 d6 12. Qe1 Re8 13. Nc3 Nb4 14. Rac1 Na6 15. Nd5 Nxd5 16. Bxg7 Ne3 17. Ba1 Nxd1 18. Qxd1 e5 19. Qd2 Bxf3 20. exf3 Nc5 21. f4 f6 22. Bd5+ Kg7 23. fxe5 dxe5 24. b4 Ne6 25. Qe3 Qd6 26. a3 a5 27. f4 Nd4 28. fxe5 fxe5 29. Rd1 Nc2 30. Qe2 Nxa1 31. Bb7 Qe6 32. Bxc8 Rxc8 33. Rxa1 Rxc4 34. bxa5 bxa5 35. Rb1 Rc7 36. Qe4 Re7 37. Rb5 a4 38. Qxa4 e4 39. Qd4+ Qf6 40. Qxf6+ Kxf6 41. Kf2 Ra7 42. Rb3 Ra4 43. Ke3 Ke5 44. h4 h5 45. Ke2 Kf5 46. Kf2 Kg4 47. Rb4 Rxa3 48. Rxe4+ Kf5 49. Rf4+ Ke5 50. Rb4 Kf5 51. Kg2 Ra2+ 52. Kh3 Rd2 53. Rb5+ Kf6 54. Rb6+ Kf5 55. Rb8 Kf6 56. Rf8+ Kg7 57. Rf1 Kh7 58. Rf3 Kg7 59. g4 hxg4+ 60. Kxg4 Rd4+ 61. Kg5 Rd5+ 62. Kg4 Kh6 63. Rf8 Rd4+ 64. Kg3 Ra4 65. Rh8+ Kg7 66. Rb8 Ra3+ 67. Kg4 Ra4+ 68. Kg5 Ra5+ 69. Kg4 Ra4+ 70. Kg3 Ra3+ 71. Kf2 Ra2+ 72. Ke3 Rh2 73. Rb4 Rh3+ 74. Kf2 Kh6 75. Kg2 Ra3 76. Rb8 Kh5 77. Rh8+ Kg4 78. Rh6 Ra2+ 79. Kf1 Kf5 80. Rh8 Kg4 81. Rh6 Kf5 82. Kg1 Rb2 83. h5 gxh5 84. Rxh5+ Kg4 85. Rh2 Rxh2 86. Kxh2 1/2-1/2


[Site "https://www.chess.com"]

[Event "Titled Tuesday Blitz August 1 Early 2023"]
[White "Mayaud, Raphael"]
[Black "Liu, Casper"]
[WhiteFideId "627151"]
[BlackFideId "1454153"]
[WhiteElo "2365"]
[BlackElo "2488"]
[Result "0-1"]
[Round "8"]
[TimeControl "180+1"]
[Date "2023.08.01"]
[WhiteClock "0:00:59"]
[BlackClock "0:02:46"]
[Board "139"]

1. d4 c5 2. d5 g6 3. e4 Bg7 4. Nc3 d6 5. Bb5+ Bd7 6. a4 Nf6 7. Nf3 O-O 8. O-O Bg4 9. Be2 Nbd7 10. Nd2 Bxe2 11. Qxe2 Nh5 12. Nc4 Ne5 13. f4 Nxc4 14. Qxc4 Bd4+ 15. Kh1 e5 16. Ne2 Qh4 17. g3 Qh3 18. Bd2 f5 19. c3 exf4 20. Nxf4 Nxg3# 0-1


[Site "https://www.chess.com"]

[Event "Titled Tuesday Blitz August 1 Early 2023"]
[White "Topalov, Aleksandar"]
[Black "Kovalevsky, Stanislav"]
[WhiteFideId "925659"]
[BlackFideId "13508598"]
[WhiteElo "2362"]
[BlackElo "2478"]
[Result "0-1"]
[Round "8"]
[TimeControl "180+1"]
[Date "2023.08.01"]
[WhiteClock "0:00:11"]
[BlackClock "0:01:04"]
[Board "140"]

1. b3 d5 2. Bb2 Nf6 3. Nf3 c5 4. e3 Nc6 5. Bb5 Bg4 6. h3 Bh5 7. g4 Bg6 8. Ne5 Rc8 9. h4 h5 10. Nxg6 fxg6 11. g5 Nd7 12. Bd3 Nde5 13. Be2 Qd6 14. Nc3 a6 15. a3 Nd7 16. Bf3 e6 17. Qe2 Be7 18. O-O-O b5 19. d4 b4 20. axb4 Nxb4 21. e4 O-O 22. e5 Qb6 23. Bxh5 gxh5 24. Qxh5 Rxf2 25. Rhf1 Rxc2+ 26. Kb1 cxd4 27. g6 Rxb2+ 28. Kxb2 dxc3+ 29. Kc1 Qe3+ 0-1


[Site "https://www.chess.com"]

[Event "Titled Tuesday Blitz August 1 Early 2023"]
[White "Nithyalakshmi, Sivanesan"]
[Black "D`Arruda, Ricardo D."]
[WhiteFideId "5706955"]
[BlackFideId "100692"]
[WhiteElo "2360"]
[BlackElo "2469"]
[Result "0-1"]
[Round "8"]
[TimeControl "180+1"]
[Date "2023.08.01"]
[WhiteClock "0:00:12"]
[BlackClock "0:00:21"]
[Board "141"]

1. e4 c5 2. Nc3 e6 3. f4 d6 4. Nf3 Nf6 5. Bc4 Be7 6. d3 O-O 7. O-O d5 8. Bb3 Nc6 9. Qe1 c4 10. dxc4 dxc4 11. Bxc4 Nd4 12. Bd3 Nxf3+ 13. Rxf3 Bd7 14. Kh1 Bc6 15. Rh3 e5 16. fxe5 Nd7 17. Bf4 Bg5 18. Qg3 Bxf4 19. Qxf4 Qc7 20. Qh4 h6 21. e6 fxe6 22. Rg3 Qf4 23. Qe7 Qf6 24. Qd6 Ne5 25. h3 Rad8 26. Qc7 Rd7 27. Qa5 b6 28. Qa3 Qh4 29. Kh2 Rf2 30. Nd1 Rf6 31. Qc3 Qf4 32. Ne3 Rg6 33. Nf1 Rxg3 34. Nxg3 Rf7 35. Rf1 Qg5 36. Rxf7 Kxf7 37. Qd4 Qf4 38. Qd8 h5 39. h4 Ng4+ 40. Kh3 Nf6 41. e5 Qg4+ 42. Kh2 Qxh4+ 43. Kg1 Qxg3 44. exf6 Qxg2# 0-1


[Site "https://www.chess.com"]

[Event "Titled Tuesday Blitz August 1 Early 2023"]
[White "Ronka, Erik"]
[Black "Hrbek, Stepan"]
[WhiteFideId "505080"]
[BlackFideId "393479"]
[WhiteElo "2467"]
[BlackElo "2339"]
[Result "0-1"]
[Round "8"]
[TimeControl "180+1"]
[Date "2023.08.01"]
[WhiteClock "0:00:05"]
[BlackClock "0:00:06"]
[Board "142"]

1. d4 Nf6 2. Nc3 d5 3. Bf4 c5 4. e4 Nxe4 5. Nxe4 dxe4 6. dxc5 Qxd1+ 7. Rxd1 Nc6 8. Bb5 f6 9. c3 e5 10. Be3 Be6 11. a3 a6 12. Ba4 Bc4 13. Ne2 f5 14. g3 Be7 15. b4 g5 16. Nc1 f4 17. Bd2 a5 18. Bb3 Bxb3 19. Nxb3 axb4 20. axb4 Ra3 21. Rb1 Kf7 22. Kd1 Ra2 23. Kc1 Ke6 24. Rb2 Rha8 25. Re1 Kd5 26. Kb1 Rxb2+ 27. Kxb2 Bf6 28. Nc1 h5 29. Kb3 Rd8 30. c4+ Ke6 31. Bc3 Kf5 32. b5 Nd4+ 33. Bxd4 exd4 34. Kb4 d3 35. Rd1 d2 36. Nb3 e3 37. fxe3 fxe3 38. Nxd2 exd2 39. c6 bxc6 40. bxc6 Be5 41. Kb5 Ke4 42. Kb6 Kd3 43. c7 Rc8 44. Kc6 Rxc7+ 45. Kd5 Re7 46. c5 Ke2 47. Rxd2+ Kxd2 48. Ke4 Bxg3+ 49. Kf5 Bxh2 50. Kxg5 Bc7 51. Kxh5 Re5+ 52. Kg4 Rxc5 53. Kf3 Rc3+ 54. Kf2 Re3 55. Kg2 Ke2 56. Kg1 Rg3+ 57. Kh1 Kf1 58. Kh2 Kf2 59. Kh1 Rh3# 0-1


[Site "https://www.chess.com"]

[Event "Titled Tuesday Blitz August 1 Early 2023"]
[White "chessmateto"]
[Black "Kaminski, Victor"]
[BlackFideId "1131630"]
[WhiteElo "2465"]
[BlackElo "2331"]
[Result "0-1"]
[Round "8"]
[TimeControl "180+1"]
[Date "2023.08.01"]
[WhiteClock "0:00:14"]
[BlackClock "0:00:13"]
[Board "143"]

1. c4 e6 2. Nc3 d5 3. e3 Nf6 4. Nf3 Be7 5. b3 O-O 6. Bb2 c5 7. cxd5 exd5 8. d4 Nc6 9. Be2 Bg4 10. dxc5 Bxc5 11. Nb5 Bxf3 12. gxf3 Bb4+ 13. Kf1 a6 14. Nd4 Qd7 15. h4 Be7 16. Bd3 g6 17. h5 Nxh5 18. Rxh5 gxh5 19. Nf5 d4 20. exd4 Bf6 21. Rc1 Kh8 22. f4 Rg8 23. Qxh5 Qd5 24. f3 Rg6 25. Be4 Qb5+ 26. Kf2 Bxd4+ 27. Bxd4+ Nxd4 28. Rh1 Qe2# 0-1


[Site "https://www.chess.com"]

[Event "Titled Tuesday Blitz August 1 Early 2023"]
[White "Fernandez Siles, Luis"]
[Black "Dinu, Dumitru-Daniel"]
[WhiteFideId "2209420"]
[BlackFideId "1208403"]
[WhiteElo "2300"]
[BlackElo "2465"]
[Result "0-1"]
[Round "8"]
[TimeControl "180+1"]
[Date "2023.08.01"]
[WhiteClock "0:00:01"]
[BlackClock "0:00:34"]
[Board "144"]

1. e4 c5 2. Nf3 Nc6 3. d4 cxd4 4. Nxd4 Nf6 5. Nc3 e5 6. Ndb5 d6 7. Nd5 Nxd5 8. exd5 Nb8 9. c4 Be7 10. Bd3 f5 11. Qh5+ g6 12. Qh6 Bf8 13. Qh3 Bg7 14. Bg5 Qxg5 15. Nc7+ Kf7 16. O-O Na6 17. Nxa8 Bd7 18. f4 exf4 19. c5 Rxa8 20. c6 Bc8 21. Rac1 Nc5 22. Rxc5 dxc5 23. d6 Be6 24. cxb7 Rb8 25. Qf3 Bd4+ 26. Kh1 Qd8 27. Qc6 Qd7 28. Qc7 Qxc7 29. dxc7 Rxb7 30. Rxf4 Rxc7 31. g4 Bd5+ 0-1


[Site "https://www.chess.com"]

[Event "Titled Tuesday Blitz August 1 Early 2023"]
[White "rionelG"]
[Black "Polaczek, Richard"]
[BlackFideId "200026"]
[WhiteElo "2300"]
[BlackElo "2462"]
[Result "0-1"]
[Round "8"]
[TimeControl "180+1"]
[Date "2023.08.01"]
[WhiteClock "0:00:00"]
[BlackClock "0:00:11"]
[Board "145"]

1. e4 Nf6 2. e5 Nd5 3. c4 Nb6 4. d4 d6 5. exd6 cxd6 6. Nc3 g6 7. h3 Bg7 8. Nf3 O-O 9. Be2 Nc6 10. O-O Bf5 11. b3 e5 12. Be3 e4 13. Ne1 d5 14. c5 Nc8 15. Nc2 N8e7 16. b4 a6 17. a4 Be6 18. b5 axb5 19. axb5 Rxa1 20. Qxa1 Nb8 21. Qa7 Qc8 22. Nb4 Rd8 23. Rd1 Nf5 24. Bf1 Nxe3 25. fxe3 Bh6 26. Re1 Qc7 27. c6 Qg3 28. Re2 Bxe3+ 29. Kh1 bxc6 30. bxc6 Qf4 31. Rxe3 Qxf1+ 32. Kh2 Qf4+ 33. Rg3 Rc8 34. Ncxd5 Qd6 35. Ne7+ Kg7 36. Nxc8 Bxc8 0-1


[Site "https://www.chess.com"]

[Event "Titled Tuesday Blitz August 1 Early 2023"]
[White "Tqebuchava, Zurab"]
[Black "Yashmetov, Mikhail"]
[WhiteFideId "13601113"]
[BlackFideId "24198900"]
[WhiteElo "2273"]
[BlackElo "2458"]
[Result "0-1"]
[Round "8"]
[TimeControl "180+1"]
[Date "2023.08.01"]
[WhiteClock "0:00:00"]
[BlackClock "0:00:05"]
[Board "146"]

1. e4 c5 2. Nf3 Nc6 3. Bb5 d6 4. Bxc6+ bxc6 5. h3 e5 6. O-O Be7 7. Nc3 f5 8. d3 Nf6 9. exf5 Bxf5 10. Nh2 O-O 11. f4 exf4 12. Bxf4 Nd5 13. Nxd5 cxd5 14. Qh5 Bf6 15. c3 Rb8 16. Kh1 g6 17. Qf3 Rxb2 18. Qxd5+ Kg7 19. Rab1 Qb6 20. Rxb2 Qxb2 21. Qxd6 Rd8 22. Bh6+ Kf7 23. Qxc5 Qb7 24. Ng4 Rxd3 25. Qc4+ Qd5 26. Qxd5+ Rxd5 27. Nxf6 Kxf6 28. g4 Rd3 29. Kh2 Rxc3 30. gxf5 Rc2+ 31. Kg3 Rxa2 32. fxg6+ Kxg6 33. Be3 Ra3 34. Kf3 a5 35. Rg1+ Kf7 36. Rc1 a4 37. Rc7+ Kg6 38. Ra7 Ra2 39. h4 Ra1 40. Kg4 Re1 41. Bf4 Rg1+ 42. Bg3 h5+ 43. Kf3 Rf1+ 44. Kg2 Ra1 45. Ra5 Ra2+ 46. Kf3 Ra3+ 47. Ke4 Rxg3 48. Kf4 Rg4+ 49. Kf3 Rxh4 50. Kg3 Rb4 51. Kh3 Rb3+ 52. Kg2 a3 53. Ra6+ Kf5 54. Ra5+ Ke4 55. Rxh5 Kd3 56. Rh8 Kc2 57. Rc8+ Kb1 58. Kf2 a2 59. Ke2 a1=Q 60. Rd8 Qe5+ 61. Kf2 Qf6+ 62. Kg2 Qxd8 63. Kf2 Qf6+ 0-1


[Site "https://www.chess.com"]